 Dungeon Crawl Stone Soup version 0.28.0-53-g5a82cb258f (webtiles) character file.

Game seed: 9885329568513740513

1319 bnorton916 the Magician (level 8, -1/41 HPs)
             Began as a Deep Elf Fire Elementalist on July 17, 2022.
             Succumbed to an orc wizard's poison
             ... on level 6 of the Dungeon.
             The game lasted 00:07:58 (8320 turns).

bnorton916 the Magician (DEFE)                      Turns: 8320, Time: 00:07:59

Health: -1/41      AC:  7    Str:  7    XL:     8   Next: 33%
Magic:  7/20       EV: 12    Int: 30    God:
Gold:   232        SH:  0    Dex: 15    Spells: 11/21 levels left

rFire   + . .      SeeInvis .   j - +0 short sword (vamp)
rCold   . . .      Faith    .   (no shield)
rNeg    . . .      Spirit   .   D - +0 leather armour "Illell" {*Slow rCorr Str+2 Int+7}
rPois   .          Reflect  .   z - +2 hat
rElec   .          Harm     .   d - +0 cloak
rCorr   +          Rampage  .   o - +0 pair of gloves
Will    .....                   (no boots)
Stlth   ++........              k - amulet of regeneration
HPRegen 0.93/turn               r - ring of protection from fire
MPRegen 0.17/turn               (no ring)

@: lethally poisoned (-1 -> -14)
A: no striking features
a: no special abilities


You were on level 6 of the Dungeon.
You visited 2 branches of the dungeon, and saw 7 of its levels.

You collected 232 gold pieces.

Inventory:

Hand Weapons
 j - a +0 vampiric short sword (weapon)
 w - a +1 flail of protection
Missiles
 e - 109 stones
 i - 18 poisoned darts
 q - 5 atropa-tipped darts
 t - 13 boomerangs
 y - 4 curare-tipped darts
 A - 2 throwing nets
Armour
 a - a +0 robe
 d - a +0 cloak (worn)
 o - a +0 pair of gloves (worn)
 z - a +2 hat (worn)
 D - the +0 leather armour "Illell" (worn) {*Slow rCorr Str+2 Int+7}
   (You found it on level 6 of the Dungeon)

   Str:       It affects your strength (+2).
   Int:       It affects your intelligence (+7).
   rCorr:     It protects you from acid and corrosion.
   *Slow:     It may slow you when you take damage.
Jewellery
 k - an amulet of regeneration (around neck)
 r - a ring of protection from fire (left hand)
 E - a ring of positive energy
Wands
 n - a wand of flame (17)
 x - a wand of iceblast (13)
Scrolls
 b - 4 scrolls of identify {unknown}
 c - 3 scrolls of teleportation {unknown}
 g - 2 scrolls of enchant armour {unknown}
 l - a scroll of brand weapon {unknown}
 p - a scroll of enchant weapon {unknown}
 v - a scroll of torment {unknown}
 B - a scroll of blinking {unknown}
 F - 4 scrolls of vulnerability {unknown}
Potions
 f - 3 potions of curing
 h - a potion of haste {unknown}
 m - 2 potions of mutation {unknown}
 s - a potion of cancellation {unknown}
 u - a potion of lignification {unknown}
 C - a potion of brilliance {unknown}


   Skills:
 + Level 3.8 Armour
 - Level 2.4 Dodging
 - Level 2.4 Stealth
 - Level 7.3 Spellcasting
 - Level 5.5 Conjurations
 - Level 6.5 Fire Magic


You had 11 spell levels left.
You knew the following spells:

 Your Spells              Type           Power      Damage    Failure   Level
a - Foxfire               Conj/Fire      100%       2x1d9     1%          1
b - Scorch                Fire           100%       2d10      1%          2
c - Conjure Flame         Conj/Fire      47%        6-21      1%          3
d - Flame Wave            Conj/Fire      47%        2d10      5%          4

Your spell library contained the following spells:

 Spells                   Type           Power      Damage    Failure   Level
 Inner Flame              Hex/Fire       30%        N/A       5%          3
 Blink                    Tloc           20%        N/A       11%         2
 Corpse Rot               Necr/Air       20%        N/A       11%         2
 Ensorcelled Hibernation  Hex/Ice        20%        N/A       11%         2
 Poisonous Vapours        Pois/Air       20%        N/A       11%         2
 Lesser Beckoning         Tloc           10%        N/A       21%         3
 Spider Form              Tmut/Pois      10%        N/A       21%         3
 Anguish                  Hex/Necr       5%         N/A       56%         4
 Manifold Assault         Tloc           10%        N/A       88%         5


Dungeon Overview and Level Annotations

Branches:
Dungeon (6/15)             Temple (1/1) D:4

Altars:
Cheibriados
Elyvilon
Fedhas
Hepliaklqana
Kikubaaqudgha
Makhleb
Ru
Trog
Wu Jian
Yredelemnul
Zin
The Shining One
Lugonu

Shops:
D:1 =


Message History

You feel very sick. The orc barely misses you.
Something hits you but does no damage.
You are lethally poisoned!
Casting: Scorch (safe; 1% risk of failure)
Confirm with . or Enter, or press ? or * to list all spells.
Flames lash the orc.
The orc is almost dead.
The orc's fire resistance burns away.
* * * LOW HITPOINT WARNING * * *
You feel very sick. The orc hits you with a +0 dagger.
* * * LOW HITPOINT WARNING * * *
Something hits you.
* * * LOW HITPOINT WARNING * * *
You are more poisoned.
* * * LOW HITPOINT WARNING * * *
You feel very sick. The orc hits you but does no damage.
Something hits you but does no damage.
You are more poisoned.
Unknown command.
You feel better. The orc barely misses you. Something hits you.
* * * LOW HITPOINT WARNING * * *
You are poisoned.
Casting: Scorch (safe; 1% risk of failure)
Confirm with . or Enter, or press ? or * to list all spells.
Flames lash the orc.
The orc is burned terribly!
You kill the orc!
You feel sick. Something hits you but does no damage.
You feel sick. Something hits you but does no damage.
You are lethally poisoned!
Unknown command.
Casting: Scorch (safe; 1% risk of failure)
Confirm with . or Enter, or press ? or * to list all spells.
You conjure some foxfire!
* * * LOW HITPOINT WARNING * * *
You feel very sick. Something hits you.
* * * LOW HITPOINT WARNING * * *
You are more poisoned.
You die...

#......#...... ....
#......#.....> ....
#####......#....## ..)..
#...########....## .....
#....#....#.......
......#....#....#.......
......#....#....#.......
......v{...'....#.......
......#@...#....+.......
..... #v...#....#.......
.... #....#....########
... ###'###...##.... ..
#...###...##....
......#..............
......#..............
......#.........##..
.....#.......).##'#####


There were no monsters in sight!

Vanquished Creatures
  A water moccasin (D:6)
  An ice beast (D:6)
  A necrophage (D:6)
  An ogre (D:6)
  A phantom (D:5)
  A kobold brigand (D:6)
  A scorpion (D:6)
  4 wights (D:6)
  A centaur zombie (D:5)
  2 hounds
  A bullfrog skeleton (D:6)
  Terence (D:3)
  A gnoll shaman (D:6)
  3 iguanas
  4 orc wizards
  A howler monkey skeleton (D:6)
  7 gnolls
  2 adders (D:5)
  2 ufetubi (D:5)
  An adder skeleton (D:4)
  A worm (D:5)
  3 dart slugs
  25 orcs
  2 bat zombies (D:5)
  8 endoplasms
  4 giant cockroaches
  8 hobgoblins
  4 jackals (D:2)
  6 ball pythons
  2 bats
  2 frilled lizards (D:1)
  2 goblins
  10 kobolds
  5 rats
  A rat zombie (D:5)
120 creatures vanquished.

Vanquished Creatures (others)
  533 foxfires
533 creatures vanquished.

Grand Total: 653 creatures vanquished

Notes
Turn   | Place    | Note
-------+----------+-------------------------------------------
     0 | D:1      | bnorton916 the Deep Elf Fire Elementalist began the quest
                  | for the Orb.
     0 | D:1      | Reached XP level 1. HP: 10/10 MP: 6/6
   372 | D:1      | Found Luaqibur's Jewellery Emporium.
   379 | D:1      | Reached XP level 2. HP: 15/15 MP: 5/8
   678 | D:1      | Found a faded altar of an unknown god.
  1742 | D:2      | Reached XP level 3. HP: 19/19 MP: 7/10
  2487 | D:3      | Noticed Terence
  2498 | D:3      | Killed Terence
  2499 | D:3      | Reached skill level 4 in Spellcasting
  2499 | D:3      | Reached XP level 4. HP: 18/24 MP: 4/12
  2502 | D:3      | Learned a level 2 spell: Scorch
  2506 | D:3      | Learned a level 3 spell: Conjure Flame
  2511 | D:3      | Learned a level 4 spell: Flame Wave
  2963 | D:3      | You fall into a shaft and drop 2 floors!
  2963 | D:5      | Entered Level 5 of the Dungeon
  2980 | D:5      | Noticed a phantom
  2986 | D:5      | Killed a phantom
  2987 | D:5      | Reached skill level 5 in Spellcasting
  2987 | D:5      | Reached XP level 5. HP: 28/28 MP: 3/14
  3428 | D:4      | Reached skill level 5 in Fire Magic
  3484 | D:4      | Reached XP level 6. HP: 32/32 MP: 12/16
  4411 | D:4      | Found a staircase to the Ecumenical Temple.
  4419 | Temple   | Entered the Ecumenical Temple
  4516 | D:4      | Found a basalt altar of Yredelemnul.
  4625 | D:4      | Found a glowing golden altar of the Shining One.
  4628 | D:4      | Noticed an angel
  5150 | D:5      | Found an ancient bone altar of Kikubaaqudgha.
  5491 | D:5      | Reached skill level 6 in Spellcasting
  6273 | D:6      | Reached XP level 7. HP: 36/36 MP: 11/18
  6518 | D:6      | Reached skill level 5 in Conjurations
  6662 | D:6      | Reached skill level 7 in Spellcasting
  7197 | D:6      | Identified the +0 leather armour "Illell" {*Slow rCorr
                  | Str+2 Int+7}
  7289 | D:6      | Reached skill level 1 in Armour
  7660 | D:6      | Reached XP level 8. HP: 41/41 MP: 15/20
  8315 | D:6      | HP: 2/41 [poisoned by an orc wizard]
  8320 | D:6      | Succumbed to an orc wizard's poison

Illustrated notes

Levels and vault maps discovered:
D:1:      nagdon_arrival_zigzag_paths, layout_basic, serial_shops,
          nicolae_shop_hallway_plus, shapermc_ecumenical_altar_acropolis,
          palyth_stone_intersect, minmay_tetromino_o4
D:2:      layout_basic
D:3:      layout_loops_cross, uniq_terence
D:4:      layout_loops_cross, grunt_temple_overflow_holy_war,
          minmay_temple_entry_statues
D:5:      layout_basic, lemuel_zombie_altar_kikubaaqudgha
D:6:      layout_gridville, minmay_misc_feat_diagonals
Temple:   corrupted_temple

Skill      XL: |  1  2  3  4  5  6  7  8 |
---------------+-------------------------+-----
Conjurations   | 2 3 4 5 |  5.5
Fire Magic     | 4 5 6 |  6.5
Spellcasting   | 4 5 6 7 |  7.3
Armour         | 2 3 |  3.8
Dodging        | |  2.4
Stealth        | |  2.4

Action                   |  1- 3 |  4- 6 |  7- 9 || total
-------------------------+-------+-------+-------++-------
Melee: Short sword       |       |       |     3 ||     3
 Cast: Foxfire           |   132 |   106 |    70 ||   308
       Scorch            |       |    17 |    16 ||    33
       Conjure Flame     |       |     4 |     4 ||     8
       Flame Wave        |       |       |     1 ||     1
  Use: Potion            |       |       |     3 ||     3
Armor: Robe              |     2 |    11 |     7 ||    20
       Leather armour    |       |       |     9 ||     9
Dodge: Dodged            |    14 |    17 |    21 ||    52
